 Dungeon Crawl Stone Soup version 0.24.0-29-g8ce449bc06 (webtiles) character file.

Game seed: 14452053171199983003, levelgen mode: deterministic

7 FessEmpty the Sneak (level 1, -2/9 HPs)
             Began as a Spriggan Enchanter on Nov 16, 2019.
             Slain by a hobgoblin
             ... wielding a +0 club
              (4 damage)
             ... on level 1 of the Dungeon.
             The game lasted 00:00:22 (261 turns).

FessEmpty the Sneak (Spriggan Enchanter)             Turns: 261, Time: 00:00:22

Health: -2/9       AC:  2    Str:  4    XL:     1   Next: 83%
Magic:  5/5        EV: 18    Int: 16    God:
Gold:   0          SH:  0    Dex: 16    Spells: 4/5 levels left

rFire    . . .     SeeInvis +   a - +1 dagger
rCold    . . .     Gourm    .   (shield restricted)
rNeg     . . .     Faith    .   b - +0 robe
rPois    .         Spirit   .   (helmet restricted)
rElec    .         Reflect  .   (no cloak)
rCorr    .         Harm     .   (gloves unavailable)
MR       .....                  (boots unavailable)
Stlth    +++.......             (no amulet)
HPRegen  0.03/turn              (no ring)
MPRegen  0.09/turn              (no ring)

@: very quick
A: very small, unfitting armour, see invisible, herbivore, speed 3, slow
metabolism 2
a: no special abilities


You were on level 1 of the Dungeon.
You were not hungry.

You visited 1 branch of the dungeon, and saw 1 of its levels.

Inventory:

Hand Weapons
 a - a +1 dagger (weapon)
Armour
 b - a +0 robe (worn)
Scrolls
 e - a scroll of fear {unknown}
Potions
 c - a potion of curing {unknown}
Comestibles
 d - a ration


   Skills:
 + Level 1.1 Short Blades
 + Level 3.1 Dodging
 + Level 4.5 Stealth
 + Level 2.8 Spellcasting
 + Level 4.0 Hexes


You had 4 spell levels left.
You knew the following spells:

 Your Spells              Type           Power        Failure   Level  Hunger
a - Corona                Hex            ###....      3%          1    #......

Your spell library contained the following spells:

 Spells                   Type           Power        Failure   Level  Hunger
 Confuse                  Hex            ###.....     11%         3    ###....
 Tukima's Dance           Hex            ###.....     11%         3    ###....
 Ensorcelled Hibernation  Hex/Ice        #.....       13%         2    ##.....
 Dazzling Spray           Conj/Hex       #.....       26%         3    ###....


Dungeon Overview and Level Annotations

Branches:
Dungeon (1/15)

Altars:


Innate Abilities, Weirdness & Mutations

You are very small and have problems with some larger weapons.
You are too small for most types of armour.
You have supernaturally acute eyesight. (SInv)
You are a herbivore.
You cover ground extremely quickly.
You need to consume almost no food.


Message History

Welcome, FessEmpty the Spriggan Enchanter.
It is said that the Orb of Zot exists deep within this dungeon.
Press ? for a list of commands and other information.
Found a staircase leading out of the dungeon.
You open the door.
There is an open door here.
There is a staircase leading out of the dungeon here.
You open the door.
There is an open door here.
You open the door.
There is an open door here.
Found a stone staircase leading down.
Found 20 bolts.
You see here 20 bolts.
Found a stone staircase leading down.
You see here 20 bolts.
There is an open door here.
You open the door.
There is an open door here.
A rat and a kobold come into view.
A hobgoblin comes into view. It is wielding a +0 club.
The helpless kobold fails to defend itself.
You impale the kobold!!
You kill the kobold!
The helpless hobgoblin fails to defend itself.
You puncture the hobgoblin!
You kill the hobgoblin!
You hit the rat.
You kill the rat!
No target in view!
Things that are here:
a +0 club; a hobgoblin corpse A hobgoblin comes into view.
A hobgoblin is nearby!
A goblin comes into view. It is wielding a -1 club.
A bat comes into view.
The helpless hobgoblin fails to defend itself.
You impale the hobgoblin!!
You kill the hobgoblin!
Your Hexes skill increases to level 4!
Found a mace.
The goblin shouts!
The bat misses you.
You barely miss the bat. The bat closely misses you.
You closely miss the goblin. The goblin hits you but does no damage.
The bat misses you.
You barely miss the goblin. The bat completely misses you.
The goblin misses you.
You hit the goblin but do no damage. The bat hits you but does no damage.
The goblin hits you but does no damage. The bat hits you but does no damage.
You hit the goblin.
The goblin is severely wounded.
The bat hits you but does no damage. The goblin misses you.
The bat closely misses you.
You closely miss the goblin.
The goblin is severely wounded.
The bat barely misses you. The goblin closely misses you.
You barely miss the goblin.
The goblin is severely wounded.
The bat misses you. The bat closely misses you.
You barely miss the goblin.
The goblin is severely wounded.
The bat completely misses you. The goblin barely misses you.
You closely miss the goblin.
The goblin is severely wounded.
The bat misses you. The goblin closely misses you.
You hit the goblin.
You kill the goblin!
The bat hits you but does no damage. The bat hits you but does no damage.
You barely miss the bat. The bat hits you but does no damage.
The bat barely misses you.
Found a scroll labeled ZERAACAUGO.
The bat completely misses you.
Found 23 stones.
You hit the bat but do no damage. The bat barely misses you.
The bat misses you.
You hit the bat.
The bat is moderately wounded.
The bat barely misses you.
You hit the bat.
The bat is severely wounded.
The bat completely misses you.
You hit the bat.
You kill the bat!
No target in view!
No target in view!
No target in view!
No target in view!
No target in view!
No target in view!
No target in view!
No target in view!
No target in view!
No target in view!
Things that are here:
a cursed -1 club; a goblin corpse
c - a golden potion A kobold comes into view.
It is wielding a +0 short sword.
Found a robe.
A kobold is nearby!
The kobold throws a stone.
The stone hits you but does no damage.
You see here a stone.
The kobold throws a stone.
The stone barely misses you.
The kobold throws a stone.
The stone closely misses you.
You barely miss the kobold. The kobold hits you but does no damage.
You hit the kobold but do no damage. The kobold completely misses you.
You hit the kobold.
You kill the kobold!
No target in view!
No target in view!
No target in view!
No target in view!
No target in view!
No target in view!
No target in view!
No target in view!
No target in view!
No target in view!
No target in view!
No target in view!
Things that are here:
a +0 short sword; a stone; a kobold corpse
e - a scroll labeled ZERAACAUGO You open the door.
There is an open door here.
A hobgoblin comes into view. It is wielding a +0 club.
A hobgoblin is nearby!
The hobgoblin shouts!
You hear a shout!
The hobgoblin hits you with a +0 club.
A goblin comes into view. It is wielding a +0 dagger.
You hit the hobgoblin but do no damage. The hobgoblin hits you with a +0 club.
* * * LOW HITPOINT WARNING * * *
The hobgoblin misses you. The hobgoblin completely misses you.
The hobgoblin completely misses you. The hobgoblin misses you.
The hobgoblin closely misses you. The hobgoblin misses you.
The hobgoblin barely misses you. The goblin completely misses you.
The hobgoblin closely misses you. The goblin misses you.
The hobgoblin misses you. The goblin closely misses you.
The hobgoblin completely misses you. The goblin hits you with a +0 dagger.
* * * LOW HITPOINT WARNING * * *
The hobgoblin completely misses you. The goblin barely misses you.
The hobgoblin closely misses you. The goblin closely misses you.
The hobgoblin misses you. The goblin closely misses you.
The hobgoblin barely misses you. The goblin misses you.
The goblin barely misses you. The hobgoblin hits you with a +0 club.
You die...

##### ..... #.. #.#
.... # .. #.# .... ..
.. #.# .## ... .##.#
.#### .. ...# ....#
.###.#..# ....#
.^....gg# ....#
##.##@# ..(.###+
...#.# ....'.#...
..#.#
....#.#....###.#.####
....#.# #......#....#
..[.+.# #....#.##
....#.# #.#..#.#
....#.# #.#..# #
#####.# #.####


You could see a hobgoblin and a goblin.

Vanquished Creatures
  A bat (D:1)
  2 hobgoblins (D:1)
  A goblin (D:1)
  2 kobolds (D:1)
  A rat (D:1)
7 creatures vanquished.

Notes
Turn   | Place    | Note
-------+----------+-------------------------------------------
     0 | D:1      | FessEmpty the Spriggan Enchanter began the quest for the
                  | Orb.
     0 | D:1      | Reached XP level 1. HP: 9/9 MP: 5/5
   261 | D:1      | Slain by a hobgoblin

Levels and vault maps discovered:
D:1:      roderic_lyre, layout_basic, wad_floor_pattern_untrapped,
          feat_on_display

Skill      XL: |  1 |
---------------+----+-----
Hexes          | 4 |  4.0
Short Blades   | |  1.1
Dodging        | |  3.1
Stealth        | |  4.5
Spellcasting   | |  2.8

Action                   || total
-------------------------++-------
Melee: Dagger            ||    23
 Stab: Sleeping          ||     3
Armor: Robe              ||     7
Dodge: Dodged            ||    46
